 Dungeon Crawl Stone Soup version 0.25-a0-420-g1cc7eeb0d1 (webtiles) character file.

Game seed: 17656553631865283975, levelgen mode: deterministic

16858 MisterFreud the Martial Artist (level 12, 0/105 (106) HPs)
             Began as a Grey Draconian Transmuter on Jan 19, 2020.
             Was a Believer of Uskayaw.
             Slain by a catoblepas (2 damage)
             ... while petrified by you
             ... on level 1 of the Lair of Beasts.
             The game lasted 00:24:20 (13787 turns).

MisterFreud the Martial Artist (DrTm)              Turns: 13787, Time: 00:24:21

HP:   0/105 (106)   AC: 14    Str: 18    XL:     12   Next: 13%
MP:   23/26         EV:  2    Int: 13    God:    Uskayaw [**....]
Gold: 1070          SH:  0    Dex: 16    Spells: 16/31 levels left

rFire    . . .     SeeInvis +     - Unarmed
rCold    + . .     Gourm    .   (shield currently unavailable)
rNeg     + + +     Faith    .   (armour unavailable)
rPois    ∞         Spirit   .   (helmet restricted)
rElec    .         Reflect  .   (no cloak)
rCorr    .         Harm     .   (gloves currently unavailable)
MR       +....                  G - +0 pair of boots
Stlth    +.........             w - amulet of magic regeneration
HPRegen  0.27/turn              R - ring of protection from cold
MPRegen  0.45/turn              A - ring "Ikomow" {MR+ Str+4 SInv}

@: blade hands, petrified, very slightly contaminated
A: walk through water, unfitting armour, unbreathing, cold-blooded, AC +13
a: End Transformation, Stomp, Line Pass, Renounce Religion


You were on level 1 of the Lair of Beasts.
You worshipped Uskayaw.
Uskayaw was noncommittal.
You were not hungry.
You had blades for hands.
You visited 3 branches of the dungeon, and saw 15 of its levels.

You collected 1070 gold pieces.

Inventory:

Missiles
 a - 208 arrows
 g - 412 stones (quivered)
 u - 5 throwing nets
 x - 212 sling bullets
 y - 23 boomerangs
 z - 18 poisoned darts
 E - 4 javelins
 I - 57 bolts
 Q - 4 silver javelins
Armour
 F - a +0 pair of gloves (melded)
 G - a +0 pair of boots (worn)
Jewellery
 t - an uncursed ring of flight
 w - an amulet of magic regeneration (around neck)
 A - the ring "Ikomow" (right scythe-like blade) {MR+ Str+4 SInv}
   (You found it on level 5 of the Dungeon)

   [ring of protection from magic]

   It affects your strength (+4).
   It affects your resistance to hostile enchantments.
   It lets you see invisible.
 R - a ring of protection from cold (left scythe-like blade)
Wands
 n - a wand of paralysis (2)
 p - a wand of digging (6)
 q - a wand of flame (23)
 J - a wand of disintegration (10)
 K - a wand of acid (21)
 N - a wand of polymorph (14)
 P - a wand of iceblast (10)
Scrolls
 e - 2 scrolls of enchant weapon
 i - 5 scrolls of teleportation
 j - 5 scrolls of magic mapping
 k - 3 scrolls of fear
 o - 2 scrolls of fog
 r - 3 scrolls of remove curse
 C - 3 scrolls of enchant armour
 M - 2 scrolls of torment
 S - a scroll of amnesia
Potions
 b - 4 potions of flight
 d - 7 potions of mutation
 f - 4 potions of curing
 h - 3 potions of brilliance
 l - 3 potions of heal wounds
 m - a potion of might
 s - 2 potions of agility
 v - 2 potions of lignification
 B - a potion of invisibility
 D - a potion of cancellation
 H - a potion of magic
 O - a potion of resistance
Miscellaneous
 T - a lightning rod (4/4)
Comestibles
 c - 22 rations
 L - 6 chunks of flesh


   Skills:
 - Level 10.0 Fighting
 + Level 4.3 Dodging
 - Level 10.2 Unarmed Combat
 - Level 10.0 Spellcasting
 - Level 10.1 Transmutations


You had 16 spell levels left.
You knew the following spells:

 Your Spells              Type           Power        Failure   Level  Hunger
a - Beastly Appendage     Tmut           ####..       9%          1    None
b - Sticks to Snakes      Tmut           ####....     10%         2    None
c - Spider Form           Tmut/Pois      ###.......   30%         3    #......
d - Blade Hands           Tmut           ####......   32%         5    #####..
e - Ice Form              Ice/Tmut       ###.....     54%         4    ###....

Your spell library contained the following spells:

 Spells                   Type           Power        Failure   Level  Hunger
 Foxfire                  Conj/Fire      #...         47%         1    None
 Conjure Flame            Conj/Fire      #.......     75%         3    #......
 Inner Flame              Hex/Fire       #.......     75%         3    #......
 Sticky Flame             Conj/Fire      #.......     96%         4    ###....
 Fireball                 Conj/Fire      #.........   100%        5    #####..


Dungeon Overview and Level Annotations

Branches:
Dungeon (13/15)            Temple (1/1) D:7            Lair (1/6) D:11
    Orc (0/2) D:11
 Vaults: D:13-14

Altars:
Ashenzari
Dithmenos
Elyvilon
Gozag
Kikubaaqudgha
Ru
Uskayaw
Vehumet
Wu Jian
The Shining One

Shops:
D:11 [


Innate Abilities, Weirdness & Mutations

You can walk through water.
Your dull iron-grey scales are very hard. (AC +13)
You cannot fit into any form of body armour.
You can survive without breathing.
You are cold-blooded and may be slowed by cold attacks.


Message History

The water moccasin bites you but does no damage.
The catoblepas gores you!!
* * * LOW HITPOINT WARNING * * *
The water moccasin bites you but does no damage.
The catoblepas breathes a plume of calcifying dust at you.
The blast of calcifying dust hits you.
* * * LOW HITPOINT WARNING * * *
The water moccasin bites you but does no damage.
You are engulfed in calcifying dust.
The water moccasin barely misses you. The catoblepas gores you!!
* * * LOW HITPOINT WARNING * * *
You are engulfed in calcifying dust.
The water moccasin bites you but does no damage.
The catoblepas gores you.
* * * LOW HITPOINT WARNING * * *
The water moccasin bites you!
* * * LOW HITPOINT WARNING * * *
You are engulfed in calcifying dust.
The water moccasin bites you. The catoblepas gores you.
You die...

.......#.......##
.#.#..##........#
..#######.....##
..### ###P..###
....###......##
###.
.....>..#.##..##
.....
.......######..##
#.%... .......#
##..##......
.......###
##§@Y......
.......#.#
##.S......
........##
#........
.......##
##>......
......## ###....
.....## ####
######


You could see a catoblepas and a water moccasin.

Vanquished Creatures
  A hydra (D:12)
  2 two-headed ogres
  Urug (D:10)
  A deep elf mage (D:12)
  An ugly thing (D:11)
  2 gargoyles (D:12)
  2 spiny frogs (Lair:1)
  A komodo dragon (D:10)
  A kobold demonologist (D:12)
  2 trolls
  A hornet (D:10)
  3 hippogriffs
  A wraith (D:12)
  2 vampires
  A shadow (D:11)
  Grum (D:10)
  2 wyverns
  2 basilisks (D:11)
  8 yaks
  2 hungry ghosts
  2 vampire mosquitoes (D:12)
  A soldier ant (D:11)
  3 acid dragons
  A water moccasin (D:9)
  A porcupine (Lair:1)
  6 orc warriors
  A sky beast (D:11)
  2 ice beasts
  2 black bears
  2 phantoms
  A necrophage (D:7)
  6 ogres
  4 wolves (D:10)
  A centaur (D:8)
  6 crocodiles
  3 big kobolds (D:12)
  6 bullfrogs
  A gnoll sergeant (D:11)
  A wyvern skeleton (D:10)
  2 scorpions
  14 killer bees
  23 wights
  3 howler monkeys
  5 crimson imps
  A bullfrog zombie (D:11)
  2 centaur zombies
  2 jellies
  11 orc wizards
  2 bullfrog skeletons
  6 orc priests
  11 hounds
  A centaur skeleton (D:5)
  3 iguanas
  14 worker ants
  Robin (D:2)
  8 gnolls
  7 adders
  9 river rats (D:5)
  2 shadow imps
  2 oozes
  An adder skeleton (D:4)
  A worm (D:3)
  A dart slug (D:5)
  A leopard gecko (D:8)
  54 orcs
  2 ball pythons
  6 giant cockroaches
  11 goblins
  10 hobgoblins
  4 jackals (D:5)
  10 quokkas
  10 bats
  2 frilled lizards
  A jackal zombie (D:5)
  16 kobolds
  A leopard gecko zombie (D:5)
  25 rats
372 creatures vanquished.

Vanquished Creatures (others)
  2 fungi (D:11)
  2 plants (D:11)
4 creatures vanquished.

Grand Total: 376 creatures vanquished

Notes
Turn   | Place    | Note
-------+----------+-------------------------------------------
     0 | D:1      | MisterFreud the Draconian Transmuter began the quest for
                  | the Orb.
     0 | D:1      | Reached XP level 1. HP: 16/16 MP: 3/3
   257 | D:1      | Reached XP level 2. HP: 12/23 MP: 3/5
  1112 | D:2      | Reached XP level 3. HP: 26/28 MP: 4/6
  1116 | D:2      | Learned a level 2 spell: Sticks to Snakes
  1120 | D:2      | Learned a level 3 spell: Spider Form
  1260 | D:2      | Noticed Robin
  1470 | D:2      | Killed Robin
  1874 | D:2      | Found a radiant altar of Vehumet.
  2088 | D:3      | Reached XP level 4. HP: 27/35 MP: 4/8
  2201 | D:3      | Found a white marble altar of Elyvilon.
  2564 | D:3      | Reached XP level 5. HP: 37/40 MP: 9/9
  3176 | D:4      | Reached skill level 5 in Transmutations
  3364 | D:4      | Reached XP level 6. HP: 37/47 MP: 7/11
  3811 | D:4      | Found an opulent altar of Gozag.
  3811 | D:4      | Found a glowing golden altar of the Shining One.
  3909 | D:5      | Entered Level 5 of the Dungeon
  4094 | D:5      | Got a serpentine amber ring
  4095 | D:5      | Identified the ring "Ikomow" {MR+ Str+4 SInv} (You found it
                  | on level 5 of the Dungeon)
  4422 | D:5      | Found a shattered altar of Ashenzari.
  4486 | D:5      | Found a shadowy altar of Dithmenos.
  4498 | D:5      | Your scales start taking on a dull iron-grey colour.
  4498 | D:5      | Reached XP level 7. HP: 56/56 MP: 10/13
  4498 | D:5      | Gained mutation: You can survive without breathing. [Grey
                  | Draconian growth]
  5437 | D:6      | Reached skill level 5 in Unarmed Combat
  5467 | D:6      | You fall into a shaft and drop 1 floor!
  5508 | D:7      | Reached XP level 8. HP: 61/67 MP: 12/14
  5546 | D:7      | Reached skill level 5 in Fighting
  5553 | D:7      | Learned a level 5 spell: Blade Hands
  5569 | D:7      | Found an ancient bone altar of Kikubaaqudgha.
  5575 | D:7      | Found a staircase to the Ecumenical Temple.
  5588 | Temple   | Entered the Ecumenical Temple
  5608 | Temple   | Became a worshipper of Uskayaw the Reveler
  5688 | D:7      | Reached * piety under Uskayaw
  5693 | D:7      | Reached ** piety under Uskayaw
  6221 | D:7      | Reached skill level 5 in Spellcasting
  6748 | D:7      | Reached *** piety under Uskayaw
  7106 | D:8      | Reached **** piety under Uskayaw
  7399 | D:8      | Reached XP level 9. HP: 61/73 MP: 13/18
  8548 | D:9      | Noticed a two-headed ogre
  8554 | D:9      | Killed a two-headed ogre
  8554 | D:9      | Reached skill level 10 in Transmutations
  8603 | D:9      | You fall into a shaft and drop 3 floors!
  8629 | D:12     | Reached XP level 10. HP: 24/82 MP: 19/21
  8629 | D:12     | Reached ***** piety under Uskayaw
  8892 | D:12     | Noticed a gargoyle
  8903 | D:12     | Killed a gargoyle
  8915 | D:12     | Noticed a two-headed ogre
  8924 | D:12     | Killed a two-headed ogre
  8932 | D:12     | Noticed a deep elf mage
  8947 | D:12     | Killed a deep elf mage
  8947 | D:12     | Reached ****** piety under Uskayaw
  9437 | D:12     | Noticed a gargoyle
  9445 | D:12     | Killed a gargoyle
  9586 | D:10     | Entered Level 10 of the Dungeon
  9928 | D:10     | Reached XP level 11. HP: 14/93 MP: 15/23
 10430 | D:10     | Noticed Grum
 10446 | D:10     | Killed Grum
 10648 | D:10     | Noticed Urug
 10665 | D:10     | Killed Urug
 11184 | D:9      | You fall into a shaft and drop 2 floors!
 11309 | D:11     | Noticed a purple ugly thing
 11318 | D:11     | Killed a purple ugly thing
 11360 | D:11     | Found a hide-covered altar of Uskayaw.
 11393 | D:11     | Found Wasah's Armour Emporium.
 11398 | D:11     | Found a staircase to the Orcish Mines.
 12310 | D:11     | Reached skill level 10 in Spellcasting
 12311 | D:11     | Found a staircase to the Lair.
 12322 | D:11     | Reached skill level 10 in Fighting
 12701 | D:12     | Noticed a seven-headed hydra
 12716 | D:11     | Learned a level 4 spell: Ice Form
 12746 | D:12     | Killed a seven-headed hydra
 12746 | D:12     | Reached skill level 10 in Unarmed Combat
 12805 | D:12     | Reached XP level 12. HP: 14/105 MP: 22/26
 13430 | Lair:1   | Entered Level 1 of the Lair of Beasts
 13772 | Lair:1   | Noticed a catoblepas
 13786 | Lair:1   | HP: 2/105 [water moccasin (4)]
 13787 | Lair:1   | Slain by a catoblepas

Levels and vault maps discovered:
D:1:      ncdulo_wetmaze, layout_loops_cross
D:2:      layout_basic, fiery_altar_vehumet, first_ration,
          chequers_serial_rivers_micro_d, grunt_ministairs_8, uniq_robin
D:3:      layout_loops_ring, lemuel_round_altar
D:4:      layout_cave_pools, gammafunk_temple_overflow_elements, minivault_14
D:5:      lemuel_ratsnest, layout_rooms, ashenzari_conservatory_becter,
          grunt_dithmenos_smoke_and_mirrors, minmay_starry_boxes
D:6:      cheibrodos_quashed, layout_rooms, kennysheep_generic_room_13
D:7:      layout_loops_cross, temple_fountains, basic_altar
D:8:      layout_basic
D:9:      layout_rooms
D:10:     layout_cave_pods, uniq_grum, uniq_urug
D:11:     layout_loops_ring, david_lair_generic, orc_david_3, basic_altar,
          chequers_hall_statues_corner_a
D:12:     layout_loops_cross
D:13:     layout_loops_cross, serial_shops, nicolae_shop_crystal,
          hangedman_fish_farm, hangedman_decor_growths
Temple:   nicolae_temple_elliptical
Lair:1:   layout_cave_pods

Skill      XL: |  1  2  3  4  5  6  7  8  9 10 11 12 |
---------------+-------------------------------------+-----
Transmutations | 3 4 5 6 7 10 | 10.1
Spellcasting   | 3 4 6 7 8 10 | 10.0
Fighting       | 2 4 5 8 10 | 10.0
Unarmed Combat | 5 7 10 | 10.2
Dodging        | 2 4 |  4.3

Action                   |  1- 3 |  4- 6 |  7- 9 | 10-12 || total
-------------------------+-------+-------+-------+-------++-------
Melee: Unarmed           |   140 |   215 |   366 |   367 ||  1088
       Kick              |     7 |     1 |       |       ||     8
       Tailslap          |     6 |    11 |    22 |    42 ||    81
       Headbutt          |     5 |       |       |       ||     5
       Punch             |       |     3 |     3 |     9 ||    15
 Cast: Beastly Appendage |    15 |     1 |       |       ||    16
       Spider Form       |     5 |    22 |    27 |       ||    54
       Blade Hands       |       |       |    10 |    50 ||    60
       Ice Form          |       |       |       |     1 ||     1
 Abil: End Transformatio |       |       |     2 |       ||     2
  Use: Potion            |       |     1 |       |       ||     1
       Scroll            |       |       |    19 |     5 ||    24
 Stab: Sleeping          |       |     3 |     2 |     1 ||     6
       Paralysed         |       |       |     9 |    13 ||    22
  Eat: Chunk             |     5 |    11 |    16 |    23 ||    55
       Ration            |       |       |     1 |     3 ||     4
Armor: Skin              |    57 |    32 |    79 |   150 ||   318
Dodge: Dodged            |   111 |   185 |   272 |   181 ||   749

Table legend:
 A = Non-vault XP
 B = Vault XP
 C = Vault XP percentage of total XP
 D = Non-vault monster count
 E = Vault monster count
 F = Vault count percentage of total count
                 A         B        C        D         E       F
            +---------+---------+-------+---------+---------+-------
      Total |   21089 |    2994 |  12.4 |     308 |      64 |  17.2
            +---------+---------+-------+---------+---------+-------
        D:1 |      31 |       0 |   0.0 |      21 |       0 |   0.0
        D:2 |      24 |      38 |  61.3 |      10 |      14 |  58.3
        D:3 |     159 |       0 |   0.0 |      31 |       0 |   0.0
        D:4 |     319 |       0 |   0.0 |      22 |       0 |   0.0
        D:5 |     246 |     187 |  43.2 |      14 |      34 |  70.8
        D:6 |     492 |      13 |   2.6 |      14 |       1 |   6.7
        D:7 |     830 |       0 |   0.0 |      18 |       0 |   0.0
        D:8 |     995 |       0 |   0.0 |      18 |       0 |   0.0
        D:9 |    3577 |       0 |   0.0 |      46 |       0 |   0.0
       D:10 |    2107 |    1506 |  41.7 |      22 |       6 |  21.4
       D:11 |    3857 |    1250 |  24.5 |      39 |       9 |  18.8
       D:12 |    6511 |       0 |   0.0 |      44 |       0 |   0.0
       D:13 |     301 |       0 |   0.0 |       1 |       0 |   0.0
     Lair:1 |    1640 |       0 |   0.0 |       8 |       0 |   0.0
            +---------+---------+-------+---------+---------+-------
